AoeStats
← CaP

Arena

503931053Analyzed
3v3 RM · 1mo ago on Sep 3, 2026· 84m 28s· 6 players
Game mode
Random Map
Map size
Normal (6 player)
Population
200
Speed
Normal
Resources
Standard
Victory
Conquest
Starting age
Dark Age
Ending age
Imperial Age
RankedLock teamsTeams togetherTeam positionsShared explorationLock speedFull tech treeHidden civsTurbo modeCheats
Victory
Defeat
🇮🇳 Gurjaras · India
1484
+13
🇺🇸 Inca · United States
1386
+17
🇨🇦 Slavs · Canada
1304
+21
🇪🇸 Cumans · Spain
1518
-22
🇨🇳 Goths · China
1438
-18
🇨🇴 Bulgarians · Colombia
1282
-11
CaP
10:55 Feudal Age
11:30 Double-Bit Axe
14:26 Castle Age
12:14 Horse Collar
23:19 Fletching
26:47 Wheelbarrow
25:58 Loom
26:44 Forging
28:09 Scale Mail Armor
30:58 Imperial Age
29:36 Bloodlines
29:27 Husbandry
30:02 Scale Barding Armor
31:18 Bow Saw
32:03 Chain Barding Armor
31:45 Heavy Camel Rider
32:25 Gold Mining
36:24 Plate Barding Armor
37:26 Iron Casting
37:07 Chain Mail Armor
38:42 Elite Chakram Thrower
40:19 Conscription
40:11 Kshatriyas
44:49 Frontier Guards
47:38 Hand Cart
49:37 Coinage
49:19 Caravan
52:24 Chemistry
52:28 Town Watch
53:49 Fortified Wall
53:59 Ballistics
58:38 Light Cavalry
60:30 Hussar
70:22 Town Patrol
83:37 Banking
MJZ
10:33 Feudal Age
8:56 Loom
10:42 Feudal Age
11:29 Champi Runner
13:56 Scale Mail Armor
16:38 Forging
21:44 Castle Age
21:49 Double-Bit Axe
25:20 Bow Saw
24:50 Horse Collar
26:23 Horse Collar
33:00 Ballistics
33:48 Wheelbarrow
35:06 Hand Cart
35:26 Heavy Plow
36:43 Chain Mail Armor
36:49 Gold Mining
36:49 Stone Mining
40:09 Imperial Age
37:38 Town Watch
40:10 Iron Casting
40:21 Masonry
41:30 Plate Mail Armor
42:03 Conscription
42:49 Blast Furnace
41:30 Elite Kamayuk
43:43 Crop Rotation
43:04 Stone Mining
43:49 Gold Shaft Mining
44:32 Squires
44:17 Arson
45:59 Chemistry
46:18 Fabric Shields
45:59 Heavy Scorpion
50:21 Fletching
51:10 Bodkin Arrow
54:19 Siege Engineers
55:51 Bracer
55:39 Arrowslits
56:28 Thumb Ring
56:35 Padded Archer Armor
56:56 Andean Sling
57:44 Capped Ram
61:40 Leather Archer Armor
62:39 Hoardings
61:37 Pikeman
62:52 Ring Archer Armor
62:42 Halberdier
65:54 Caravan
66:54 Siege Ram
73:24 Elite Skirmisher
77:20 Treadmill Crane
77:36 Guard Tower
77:42 Murder Holes
79:56 Keep
82:12 Stone Shaft Mining
FGD
11:14 Feudal Age
12:01 Loom
14:55 Castle Age
14:59 Double-Bit Axe
18:49 Stone Mining
21:52 Wheelbarrow
21:40 Fletching
23:25 Gold Mining
24:46 Scale Barding Armor
27:17 Chain Barding Armor
28:10 Forging
29:20 Bloodlines
29:11 Husbandry
29:49 Iron Casting
30:06 Bow Saw
31:03 Detinets
34:10 Imperial Age
34:19 Hand Cart
34:30 Hand Cart
35:11 Horse Collar
36:35 Two-Man Saw
36:18 Town Watch
37:01 Conscription
37:47 Plate Barding Armor
37:21 Elite Boyar
39:01 Druzhina
40:43 Blast Furnace
41:33 Bodkin Arrow
42:24 Ballistics
45:42 Heavy Plow
48:03 Hoardings
51:40 Caravan
56:17 Light Cavalry
56:59 Hussar
62:43 Pikeman
63:24 Squires
63:32 Murder Holes
63:44 Siege Engineers
63:52 Masonry
63:28 Halberdier
65:24 Scale Mail Armor
66:30 Chain Mail Armor
68:32 Crop Rotation
71:16 Padded Archer Armor
71:51 Plate Mail Armor
75:56 Coinage
75:01 Capped Ram
76:38 Man-at-Arms
77:19 Capped Ram
77:56 Long Swordsman
78:47 Siege Ram
80:31 Two-Handed Swordsman
81:36 Champion
Penéfago
9:42 Feudal Age
10:17 Double-Bit Axe
15:43 Fletching
19:21 Horse Collar
20:50 Padded Archer Armor
24:03 Castle Age
24:32 Gold Mining
24:58 Bodkin Arrow
25:20 Bow Saw
25:26 Bloodlines
25:27 Thumb Ring
28:52 Ballistics
29:15 Bloodlines
31:18 Wheelbarrow
33:56 Imperial Age
33:25 Scale Barding Armor
33:59 Hand Cart
36:08 Chemistry
37:07 Parthian Tactics
38:09 Chain Barding Armor
38:00 Forging
39:24 Loom
39:25 Town Watch
40:44 Gold Shaft Mining
39:59 Stone Mining
42:03 Plate Barding Armor
42:04 Iron Casting
41:44 Leather Archer Armor
42:12 Cuman Mercenaries
43:12 Heavy Plow
44:18 Two-Man Saw
43:49 Conscription
43:49 Herbal Medicine
44:29 Crop Rotation
44:26 Onager
46:07 Masonry
46:54 Elite Kipchak
49:03 Siege Onager
51:26 Light Cavalry
52:47 Cavalier
53:31 Steppe Husbandry
55:00 Ring Archer Armor
55:32 Blast Furnace
58:34 Hussar
64:37 Caravan
75:41 Elite Steppe Lancer
75:48 Paladin
79:11 Murder Holes
lukardo
11:37 Feudal Age
10:39 Loom
15:43 Castle Age
13:47 Horse Collar
14:57 Double-Bit Axe
19:49 Fervor
22:28 Fletching
32:51 Imperial Age
31:38 Bow Saw
31:29 Heavy Plow
31:31 Scale Mail Armor
33:09 Scale Barding Armor
33:35 Chain Mail Armor
34:11 Chain Barding Armor
34:02 Gold Mining
34:44 Crop Rotation
34:57 Forging
36:15 Masonry
36:21 Masonry
37:17 Plate Barding Armor
37:18 Iron Casting
37:34 Conscription
38:04 Plate Mail Armor
39:58 Blast Furnace
39:11 Bloodlines
39:03 Husbandry
40:16 Wheelbarrow
39:06 Cavalier
39:37 Pikeman
40:18 Squires
42:53 Gold Shaft Mining
42:33 Halberdier
45:25 Arson
46:37 Bagains
46:40 Stone Mining
47:00 Caravan
47:56 Hand Cart
47:16 Light Cavalry
47:56 Hussar
49:36 Gambesons
53:53 Bodkin Arrow
55:01 Chemistry
54:33 Architecture
55:03 Bracer
55:25 Ballistics
62:28 Town Watch
66:02 Capped Ram
69:23 Siege Ram
77:46 Stirrups
啙窳大大
10:57 Feudal Age
11:18 Loom
11:43 Double-Bit Axe
11:41 Horse Collar
13:11 Gold Mining
15:30 Man-at-Arms
17:31 Forging
19:09 Scale Mail Armor
23:02 Stone Mining
28:19 Castle Age
29:26 Heavy Plow
29:39 Bow Saw
29:51 Chain Mail Armor
29:39 Squires
29:05 Long Swordsman
30:49 Iron Casting
33:26 Imperial Age
30:45 Pikeman
35:25 Blast Furnace
33:59 Two-Handed Swordsman
35:14 Conscription
37:34 Chemistry
38:05 Champion
42:03 Anarchy
43:55 Perfusion
45:55 Two-Man Saw
44:53 Halberdier
46:15 Wheelbarrow
47:59 Town Watch
53:41 Crop Rotation
57:35 Coinage
58:48 Banking
61:33 Hand Cart
65:46 Ballistics
67:14 Masonry
70:09 Caravan
Connection lost

Rejoining the realm…

Still unreachable

The connection could not be restored.

Session expired

The server has moved on; the page needs a fresh start.